 Dungeon Crawl Stone Soup version 0.25-a0-528-g6b7c99946c (webtiles) character file.

Game seed: 15400740770967988100, levelgen mode: classic

216934 EnegeticOcto the Pandemonic (level 17, -2/172 HPs)
             Began as a Deep Dwarf Fighter on Feb 19, 2020.
             Was a High Priest of Makhleb.
             Slain by a death ooze (15 damage)
             ... created by the Royal Jelly
             ... on level 4 of the Pits of Slime.
             The game lasted 00:18:04 (16315 turns).

EnegeticOcto the Pandemonic (Deep Dwarf Fighter)   Turns: 16315, Time: 00:18:04

Health: -2/172     AC: 16    Str: 34 (35) XL:     17   Next: 93%
Magic:  10/25 (16) EV: 13    Int: 10      God:    Makhleb [*****.]
Gold:   859        SH: 24    Dex: 14 (15) Spells: 16/16 levels left

rFire    + + .     SeeInvis +   H - +3 broad axe (vorpal)
rCold    + . .     Gourm    .   L - +2 tower shield
rNeg     + + .     Faith    .   o - +6 chain mail "Nagoask" {rElec rC+ MP+9}
rPois    +         Spirit   .   (helmet restricted)
rElec    +         Reflect  .   A - +3 cloak of the Eternal Fruit {*Corrode rPois rN+}
rCorr    +         Harm     +   u - +0 pair of gloves "Facw" {rF+ Dex+3}
MR       ++...                  (no boots)
Stlth    ..........             G - amulet of harm
HPRegen  0.00/turn              D - ring of Nukal {rCorr Str+4 SInv}
MPRegen  0.19/turn              c - ring "Turr" {rPois rF+ Slay+4}

@: mighty, corroded, stab, non-regenerating, hasted, very quick
A: damage resistance, heal wounds, fangs 1, horns 1, talons 1, deterioration 1,
negative energy resistance 1, sense surroundings 2, screaming 1, evolution 1, no
regeneration
}: 2/15 runes: barnacled, gossamer
a: Heal Wounds, Minor Destruction, Lesser Servant of Makhleb, Major Destruction,
Greater Servant of Makhleb, Renounce Religion


You were on level 4 of the Pits of Slime.
You worshipped Makhleb.
Makhleb was extremely pleased with you.
You were completely stuffed.

You visited 7 branches of the dungeon, and saw 36 of its levels.
You also visited: Ice Cave.

You collected 1708 gold pieces.
You spent 849 gold pieces at shops.

Inventory:

Hand Weapons
 H - a +3 vorpal broad axe (weapon)
Missiles
 x - 6 throwing nets (quivered)
Armour
 o - the +6 chain mail "Nagoask" (worn) {rElec rC+ MP+9}
   (You found it on level 7 of the Dungeon)

   It protects you from cold.
   It insulates you from electricity.
   It affects your magic capacity (+9).
   If you remove this armour, your AC will decrease by 17 (16 -> -1).
 u - the +0 pair of gloves "Facw" (worn) {rF+ Dex+3}
   (You found it on level 9 of the Dungeon)

   It affects your dexterity (+3).
   It protects you from fire.
   If you remove this armour, your AC will decrease by 1 (16 -> 15).
 A - the +3 cloak of the Eternal Fruit (worn) {*Corrode rPois rN+}
   (You found it on level 13 of the Dungeon)

   It protects you from poison.
   It protects you from negative energy.
   It may corrode you when you take damage.
   If you remove this armour, your AC will decrease by 4 (16 -> 12).
 L - a +2 tower shield (worn)
Jewellery
 b - the ring of the Castellan {*Tele rC+ Slay+5}
   (You found it on level 4 of the Shoals)

   [ring of teleportation]

   It may teleport you next to monsters.
   It affects your accuracy and damage with ranged weapons and melee attacks
   (+5).
   It protects you from cold.
 c - the ring "Turr" (right hand) {rPois rF+ Slay+4}
   (You acquired it on level 2 of the Orcish Mines)

   [ring of protection from fire]

   It affects your accuracy and damage with ranged weapons and melee attacks
   (+4).
   It protects you from fire.
   It protects you from poison.
 h - the ring of Beijypez {rPois rF+ MR+ Str+3}
   (You bought it in a shop on level 2 of the Orcish Mines)

   [ring of strength]

   It affects your strength (+3).
   It protects you from fire.
   It protects you from poison.
   It affects your resistance to hostile enchantments.
 z - the ring "Tiunwis" {rN+ MR+ Dex+5}
   (You found it on level 10 of the Dungeon)

   [ring of positive energy]

   It affects your dexterity (+5).
   It protects you from negative energy.
   It affects your resistance to hostile enchantments.
 D - the ring of Nukal (left hand) {rCorr Str+4 SInv}
   (You acquired it on level 12 of the Dungeon)

   [ring of resist corrosion]

   It affects your strength (+4).
   It lets you see invisible.
   It provides partial protection from all sources of acid and corrosion.
 G - an amulet of harm (around neck)
Wands
 a - a wand of paralysis (11)
 r - a wand of iceblast (16)
 t - a wand of flame (27)
 y - a wand of scattershot (3)
 I - a wand of clouds (13)
 S - a wand of digging (3) {@v2}
Scrolls
 l - 4 scrolls of teleportation {@r2}
 v - 7 scrolls of magic mapping {@r5}
 w - 2 scrolls of blinking {@r3}
 J - a scroll of brand weapon
 M - 4 scrolls of remove curse {@r6}
 R - a scroll of fear
 T - 2 scrolls of fog
Potions
 d - 2 potions of invisibility
 f - 5 potions of flight
 g - a potion of magic
 j - a potion of stabbing {@q5}
 k - 2 potions of might {@q3}
 m - 2 potions of degeneration
 n - a potion of haste {@q4}
 p - 4 potions of ambrosia
 q - 2 potions of curing {@q1}
 s - 3 potions of heal wounds {@q2}
 C - 2 potions of cancellation
 F - 5 potions of lignification {@q7}
 Q - 5 potions of mutation
Comestibles
 e - 24 rations


   Skills:
 * Level 16.1 Fighting
 * Level 16.8 Axes
 + Level 12.9 Armour
 - Level 9.0 Dodging
 * Level 15.0 Shields
 * Level 18.1 Invocations


You had 16 spell levels left.
You didn't know any spells.
Your spell library was empty.

Dungeon Overview and Level Annotations

Branches:
Dungeon (14/15)            Temple (1/1) D:6            Lair (6/6) D:9
 Shoals (4/4) Lair:2       Spider (4/4) Lair:4        Slime (5/5) Lair:6
    Orc (2/2) D:9             Elf (0/3) Orc:2         IceCv (visited)
 Vaults: D:13-14

Altars:
Dithmenos
Elyvilon
Fedhas
Gozag
Hepliaklqana
Kikubaaqudgha
Makhleb
Qazlal
Ru
Sif Muna
Trog
Uskayaw
Wu Jian
Xom
Yredelemnul
Zin
The Shining One
Beogh
Jiyva

Shops:
D:9 }   D:10 =   D:14 }   Orc:1 :   Orc:2 *(=[

Annotations:
D:6 1 transporter, bmj180's ghost, novice DrCj
D:13 exclusions: deep elf archer and 2 more exclusions
Lair:2 Zekyacus's ghost, journeyman TrBe
Lair:6 1 exclusion
Shoals:1 2 transporters
Shoals:4 1 runed translucent door, Borgoz's ghost, adept GrFi
Spider:2 1 runed translucent door, exclusion: downstairs


Innate Abilities, Weirdness & Mutations

You are resistant to damage.
You can heal yourself by infusing magical energy.
You resist negative energy. (rN+)
You passively map the area around you.
You do not regenerate.
You have very sharp teeth.
You have a pair of small horns on your head.
You have sharp toenails.
Your body sometimes deteriorates upon taking damage.
You occasionally shout uncontrollably at your foes.
You evolve.


Message History

That felt strangely unrewarding.
You slash the azure jelly! You block the azure jelly's attack.
The azure jelly closely misses you. You block the azure jelly's attack.
The azure jelly hits you but does no damage.
You slice the azure jelly!!
You kill the azure jelly!
That felt strangely unrewarding.
The eye of devastation gazes at you. The bolt of energy misses you.
You slash the eye of devastation!
You claw the eye of devastation, but do no damage.
You headbutt the eye of devastation.
The eye of devastation is moderately wounded.
You hit the eye of devastation.
You claw the eye of devastation, but do no damage.
You headbutt the eye of devastation!
The eye of devastation is severely wounded.
The eye of devastation gazes at you. The bolt of energy misses you.
You slash the eye of devastation!
You kill the eye of devastation!
Makhleb accepts your kill.
You feel better.
No target in view!
Your magical contamination has completely faded away.
There is a stone staircase leading down, spattered with blood here.
You climb downwards.
You block the death ooze's attack. The death ooze hits you.
The azure jelly jiggles.
The azure jelly hits you. The azure jelly freezes you!! You resist.
You block the azure jelly's attack.
The azure jelly hits you but does no damage.
The azure jelly hits you! You block the azure jelly's attack.
The azure jelly hits you! The azure jelly freezes you! You resist.
You block the azure jelly's attack.
The azure jelly hits you but does no damage.
You block the death ooze's attack. The death ooze hits you!!
Your body deteriorates!
You feel clumsy.
The death ooze hits you but does no damage. x2
The azure jelly hits you but does no damage.
The azure jelly hits you. The azure jelly freezes you!! You resist.
Your body deteriorates!
You feel weakened. The azure jelly closely misses you.
The azure jelly hits you. You block the azure jelly's attack.
The azure jelly hits you but does no damage. x3
The death ooze closely misses you. The death ooze barely misses you.
There is a stone staircase leading up, spattered with blood here.
You block the acid blob's attack. You block the death ooze's attack.
The death ooze hits you!
* * * LOW HITPOINT WARNING * * *
The azure jelly hits you but does no damage.
The azure jelly barely misses you.
The azure jelly hits you but does no damage.
You block the azure jelly's attack. You block the death ooze's attack.
The death ooze hits you but does no damage.
You climb upwards.
There is a stone staircase leading down, spattered with blood here.
You are too injured to fight recklessly!
You are too injured to fight recklessly!
You are too injured to fight recklessly!
You are too injured to fight recklessly!
You are too injured to fight recklessly!
You are too injured to fight recklessly!
You are too injured to fight recklessly!
You are too injured to fight recklessly!
You feel much better. You block the azure jelly's attack.
The azure jelly hits you. The azure jelly freezes you! You resist.
* * * LOW HITPOINT WARNING * * *
The azure jelly barely misses you. You block the azure jelly's attack.
The azure jelly hits you but does no damage. x2
You block the azure jelly's attack. The azure jelly barely misses you.
The azure jelly hits you but does no damage. x2
You block the azure jelly's attack. The azure jelly hits you.
The death ooze hits you but does no damage.
The death ooze closely misses you.
The death ooze hits you but does no damage.
The death ooze hits you.
* * * LOW HITPOINT WARNING * * *
The acid blob spits acid at you. The splash of acid hits you. You resist.
You are splashed with acid.
You resist.
* * * LOW HITPOINT WARNING * * *
The azure jelly barely misses you. You block the azure jelly's attack.
The azure jelly closely misses you. x2; The death ooze barely misses you.
The death ooze hits you!
* * * LOW HITPOINT WARNING * * *
You feel much better. The azure jelly hits you. The azure jelly freezes you!!
You resist.
* * * LOW HITPOINT WARNING * * *
You block the azure jelly's attack. x3; The azure jelly misses you. x2
The azure jelly hits you but does no damage. x2
The azure jelly closely misses you. The azure jelly hits you.
* * * LOW HITPOINT WARNING * * *
The azure jelly freezes you! You resist.
* * * LOW HITPOINT WARNING * * *
You block the azure jelly's attack. The azure jelly hits you.
* * * LOW HITPOINT WARNING * * *
You block the death ooze's attack. The death ooze barely misses you.
The death ooze hits you!
You die...

** *### ########### #
##..##...#...#.#####.# ,
,......................
, .........#............
, ,
......................,
,,
.......JJJ..<.........
*,
.......J@J...........# ,
, ,,
.......JJJ............,
,
,#..................#..
,, ,
................#...# ,,
...................... ,
,,
,......................,
, ..#.#.................
, ,.
##......#........... * ,
, ,,.........<.#... , ,


You could see an acid blob, 4 azure jellies and 3 death oozes.

Vanquished Creatures
  the Royal Jelly (Slime:5)
  Rupert (D:14)
  3 krakens
  4 acid blobs
  Kirke (Lair:5)
  4 azure jellies (Slime:4)
  An orc warlord (Orc:2)
  7 emperor scorpions
  Louise (Shoals:4)
  A very ugly thing (IceCv)
  3 merfolk javelineers (Shoals:4)
  8 merfolk impalers
  Josephine (Shoals:1)
  3 death oozes
  Harold (D:10)
  3 great orbs of eyes
  A merfolk avatar (Shoals:4)
  A rakshasa (D:13)
  5 hydras
  8 two-headed ogres
  3 centaur warriors
  A death knight (D:13)
  An ogre mage (D:14)
  2 merfolk aquamancers
  4 death yaks
  3 satyrs
  Urug (Lair:6)
  3 orc high priests (Orc:2)
  An unseen horror (D:12)
  3 sea snakes
  10 harpies
  A harpy (shapeshifter) (D:13)
  5 orb spiders
  22 wolf spiders
  5 ugly things
  4 orc knights (Orc:2)
  7 fauns
  3 orc sorcerers (Orc:2)
  3 cyclopes
  A deep elf mage (D:14)
  11 manticores
  2 shining eyes
  A moth of wrath (Spider:4)
  9 black mambas
  5 water nymphs
  9 merfolk sirens
  8 spiny frogs
  2 centaur skeletons
  An eye of devastation (Slime:4)
  3 gargoyles
  A torpor snail (Lair:5)
  4 rime drakes
  A kobold demonologist (D:8)
  An efreet (D:13)
  5 freezing wraiths
  An anaconda simulacrum (IceCv)
  A yaktaur (D:14)
  10 komodo dragons
  6 demonic crawlers
  7 trolls
  23 merfolk
  4 hornets
  A polar bear (Lair:4)
  19 jumping spiders
  4 wind drakes
  32 slime creatures
  21 blink frogs
  3 meliai zombies
  5 snapping turtles
  11 hippogriffs
  5 dream sheep (Lair:4)
  A shadow (D:12)
  5 wyverns
  44 redbacks
  2 dire elephant simulacra (IceCv)
  9 wraiths
  6 spriggans (Lair:1)
  16 tarantellas
  8 water elementals
  49 yaks
  A vampire (D:14)
  5 hogs (Lair:5)
  4 basilisks
  3 hungry ghosts
  6 steam dragons
  2 iron troll simulacra (IceCv)
  A swamp worm (Lair:3)
  A warg (Orc:2)
  A floating eye (Slime:5)
  14 water moccasins
  10 porcupines
  Duvessa (D:6)
  8 ice beasts
  4 sky beasts
  A black bear (D:12)
  38 orc warriors
  7 necrophages
  4 eyes of draining
  14 ogres
  A black bear (shapeshifter) (D:14)
  17 centaurs
  3 phantoms
  13 wolves
  12 crocodiles
  10 big kobolds
  16 bullfrogs
  Dowan (D:6)
  2 scorpions
  10 killer bees
  A water moccasin skeleton (D:7)
  9 wights
  2 electric eels (Lair:2)
  A howler monkey (D:6)
  11 crimson imps
  2 bullfrog zombies
  2 centaur zombies
  10 jellies
  A quasit (D:11)
  6 hounds
  2 bullfrog skeletons (D:9)
  26 orc priests
  5 iguanas
  Natasha (D:3)
  12 worker ants
  20 orc wizards
  A killer bee zombie (D:6)
  A hound zombie (D:10)
  12 adders
  2 shadow imps
  11 oozes (Lair:5)
  3 leopard geckos
  103 orcs
  2 giant cockroaches
  3 goblins
  2 jackals (D:8)
  6 quokkas
  A frilled lizard (D:4)
  A goblin zombie (D:8)
  A jackal zombie (D:6)
  21 kobolds
  A leopard gecko skeleton (D:6)
  A quokka zombie (D:7)
  2 rats (D:3)
  A rat zombie (D:8)
  A fire vortex (Lair:5)
  4 fungi
  8 plants
  4 tentacles
1010 creatures vanquished.

Vanquished Creatures (collateral kills)
  Dissolution (Slime:3)
  A ghost moth (Spider:4)
  2 emperor scorpions (Spider:4)
  A great orb of eyes (Slime:3)
  2 hydras
  An orc high priest (Orc:2)
  A sea snake (Shoals:4)
  A phantasmal warrior (D:13)
  A faun (Shoals:3)
  A wolf spider (Spider:4)
  2 shining eyes (Slime:3)
  An ugly thing (D:12)
  4 orb spiders (Spider:4)
  2 manticores
  A gargoyle (D:14)
  A demonic crawler (Spider:4)
  3 merfolk (Shoals:4)
  2 jumping spiders (Spider:4)
  A wind drake (Shoals:4)
  A hornet (Spider:4)
  4 slime creatures (Slime:3)
  5 redbacks (Spider:4)
  A tarantella (Spider:4)
  A sky beast (D:13)
  A black bear (D:12)
  A centaur (D:13)
  An electric eel (Spider:4)
  2 orc priests (Orc:2)
  An adder (D:12)
  3 orcs (Orc:2)
  3 tentacles
53 creatures vanquished.

Vanquished Creatures (others)
  A troll (D:9)
  A necrophage (D:9)
  A crimson imp (D:9)
  2 worker ants (D:9)
  A leopard gecko (D:9)
  A quokka (D:9)
  13 fungi
  16 plants
  20 tentacles
  2 withered plants (Shoals:4)
58 creatures vanquished.

Grand Total: 1121 creatures vanquished

Notes
Turn   | Place    | Note
-------+----------+-------------------------------------------
     0 | D:1      | EnegeticOcto the Deep Dwarf Fighter began the quest for the
                  | Orb.
     0 | D:1      | Reached XP level 1. HP: 20/20 MP: 1/1
   125 | D:3      | Reached XP level 2. HP: 16/27 MP: 2/2
   180 | D:3      | Reached skill level 1 in Dodging
   180 | D:3      | Reached XP level 3. HP: 31/34 MP: 3/3
   252 | D:3      | Noticed Natasha
   258 | D:3      | Killed Natasha
   258 | D:3      | Reached XP level 4. HP: 31/42 MP: 4/4
   369 | D:4      | Found a sacrificial altar of Ru.
   403 | D:4      | Noticed a bullfrog
   408 | D:4      | Killed a bullfrog
   408 | D:4      | Reached XP level 5. HP: 50/50 MP: 5/5
   499 | D:4      | Noticed a centaur
   499 | D:4      | Noticed a centaur
   510 | D:4      | Killed a centaur
   510 | D:4      | Reached XP level 6. HP: 24/57 MP: 6/6
   690 | D:4      | Reached XP level 7. HP: 57/66 MP: 4/4
   912 | D:5      | Entered Level 5 of the Dungeon
  1025 | D:5      | Reached skill level 5 in Axes
  1228 | D:5      | Reached skill level 5 in Fighting
  1386 | D:5      | Reached skill level 5 in Armour
  1451 | D:5      | Reached XP level 8. HP: 32/74 MP: 5/5
  1465 | D:5      | Reached skill level 5 in Shields
  1791 | D:6      | Noticed Duvessa
  1792 | D:6      | Noticed Dowan
  1807 | D:6      | Killed Duvessa
  1819 | D:6      | Killed Dowan
  1899 | D:6      | Found a staircase to the Ecumenical Temple.
  1899 | D:6      | Noticed a two-headed ogre
  1927 | D:6      | Killed a two-headed ogre
  1927 | D:6      | Gained mutation: You passively map the area around you.
                  | [Deep Dwarf growth]
  1927 | D:6      | Reached XP level 9. HP: 42/84 MP: 4/4
  1939 | Temple   | Entered the Ecumenical Temple
  1984 | Temple   | Became a worshipper of Makhleb the Destroyer
  2046 | D:6      | Found a transporter.
  2047 | D:6      | Noticed bmj180's ghost (novice DrCj)
  2055 | D:6      | Noticed a two-headed ogre
  2081 | D:6      | Reached skill level 1 in Invocations
  2366 | D:7      | Reached skill level 2 in Invocations
  2412 | D:7      | Got a dazzling chain mail
  2423 | D:7      | Identified the +6 chain mail "Nagoask" {rElec rC+ MP+9}
                  | (You found it on level 7 of the Dungeon)
  2528 | D:7      | Reached skill level 5 in Dodging
  2540 | D:7      | Reached * piety under Makhleb
  2615 | D:7      | Found a white marble altar of Elyvilon.
  2640 | D:7      | Reached skill level 3 in Invocations
  2874 | D:7      | Identified a scroll of acquirement
  2874 | D:7      | Identified the +2 ring mail "Moss" {Dex+3} (You acquired it
                  | on level 7 of the Dungeon)
  2974 | D:8      | Reached skill level 4 in Invocations
  3147 | D:8      | Found a shadowy altar of Dithmenos.
  3223 | D:8      | Reached ** piety under Makhleb
  3273 | D:8      | Reached XP level 10. HP: 71/94 MP: 8/8
  3275 | D:8      | Noticed a cyclops
  3299 | D:8      | Killed a cyclops
  3299 | D:8      | Reached skill level 5 in Invocations
  3438 | D:8      | Found a bloodstained altar of Trog.
  3530 | D:8      | Reached skill level 6 in Invocations
  3934 | D:9      | Got a pair of heavily runed gloves
  3944 | D:9      | Reached *** piety under Makhleb
  3955 | D:9      | Identified the +0 pair of gloves "Facw" {rF+ Dex+3} (You
                  | found it on level 9 of the Dungeon)
  4126 | D:9      | Found a shimmering altar of Xom.
  4217 | D:9      | Found an ancient bone altar of Kikubaaqudgha.
  4222 | D:9      | Found a staircase to the Lair.
  4225 | D:9      | Found a staircase to the Orcish Mines.
  4344 | D:9      | Found Zumauthre's Gadget Shop.
  4444 | D:10     | Entered Level 10 of the Dungeon
  4444 | D:10     | Noticed Harold
  4471 | D:10     | Killed Harold
  4471 | D:10     | Reached skill level 7 in Invocations
  4599 | D:10     | Found Abotz's Jewellery Boutique.
  4966 | D:10     | Got a warped bone ring
  5128 | D:11     | Reached XP level 11. HP: 87/106 MP: 10/10
  5329 | D:11     | Noticed a purple ugly thing
  5364 | D:11     | Killed a purple ugly thing
  5498 | D:11     | Reached **** piety under Makhleb
  5514 | D:11     | Noticed a purple ugly thing
  5532 | D:11     | Killed a purple ugly thing
  5532 | D:11     | Reached skill level 10 in Axes
  5532 | D:11     | Reached skill level 8 in Invocations
  5599 | D:11     | Noticed a two-headed ogre
  5600 | D:11     | Identified the ring "Tiunwis" {rN+ MR+ Dex+5} (You found it
                  | on level 10 of the Dungeon)
  5612 | D:11     | Killed a two-headed ogre
  5612 | D:11     | Reached skill level 10 in Fighting
  6032 | D:12     | Killed an unseen horror
  6107 | D:12     | Noticed a cyan ugly thing
  6119 | D:12     | Noticed a five-headed hydra
  6143 | D:12     | Killed a nine-headed hydra
  6147 | D:12     | Killed a cyan ugly thing
  6264 | D:12     | Reached skill level 9 in Invocations
  6525 | D:12     | Identified the ring of Nukal {rCorr Str+4 SInv} (You
                  | acquired it on level 12 of the Dungeon)
  6570 | D:13     | Noticed a deep elf archer
  6571 | D:13     | Noticed an orc knight
  6716 | D:13     | Noticed a death knight
  6720 | D:13     | Noticed a phantasmal warrior
  6744 | D:13     | Killed a phantasmal warrior
  6757 | D:13     | Killed a death knight
  6836 | D:13     | Noticed a purple ugly thing
  6846 | D:13     | Killed a purple ugly thing
  6861 | D:13     | Reached XP level 12. HP: 120/120 MP: 11/11
  6866 | D:13     | Gained mutation: You evolve. [potion of mutation]
  6866 | D:13     | Gained mutation: You have sharp toenails. [potion of
                  | mutation]
  6866 | D:13     | Gained mutation: You have very sharp teeth. [potion of
                  | mutation]
  7101 | D:13     | Noticed a centaur warrior
  7102 | D:13     | Noticed a rakshasa
  7104 | D:13     | Noticed a centaur warrior
  7112 | D:13     | Killed a centaur warrior
  7112 | D:13     | Reached skill level 10 in Invocations
  7122 | D:13     | Killed a centaur warrior
  7163 | D:13     | Killed a rakshasa
  7167 | D:13     | Got a shimmering cloak
  7173 | D:13     | Identified the +3 cloak of the Eternal Fruit {*Corrode
                  | rPois rN+} (You found it on level 13 of the Dungeon)
  7237 | D:13     | Noticed a vault guard
  7518 | D:14     | Found Daat's Gadget Shoppe.
  7518 | D:14     | Noticed a seven-headed hydra
  7519 | D:14     | Noticed Rupert
  7552 | D:14     | Killed Rupert
  7552 | D:14     | Reached skill level 11 in Invocations
  7568 | D:14     | Killed a 19-headed hydra
  7649 | D:14     | Noticed a two-headed ogre
  7649 | D:14     | Noticed a two-headed ogre
  7650 | D:14     | Noticed a two-headed ogre
  7650 | D:14     | Noticed an ogre mage
  7651 | D:14     | Noticed a two-headed ogre
  7652 | D:14     | Noticed a two-headed ogre
  7655 | D:14     | Killed a two-headed ogre
  7655 | D:14     | Reached XP level 13. HP: 86/130 MP: 11/11
  8021 | Orc:1    | Entered Level 1 of the Orcish Mines
  8021 | Orc:1    | Found a roughly hewn altar of Beogh.
  8108 | Orc:1    | Found a burning altar of Makhleb.
  8141 | Orc:1    | Found Qupec's Book Boutique.
  8380 | Orc:2    | Entered Level 2 of the Orcish Mines
  8439 | Orc:2    | Reached ***** piety under Makhleb
  8520 | Orc:2    | Reached skill level 12 in Invocations
  8571 | Orc:2    | Found a roughly hewn altar of Beogh.
  8681 | Orc:2    | Found Adumocarr's Jewellery Boutique.
  8687 | Orc:2    | Bought the ring of Beijypez {rPois rF+ MR+ Str+3} for 592
                  | gold pieces
  8695 | Orc:2    | Found Taovoper's Armour Shop.
  9203 | Orc:2    | Noticed an orc warlord
  9208 | Orc:2    | Found a roughly hewn altar of Beogh.
  9219 | Orc:2    | Killed an orc warlord
  9243 | Orc:2    | Reached skill level 10 in Armour
  9326 | Orc:2    | Found Xoizit's Antique Weapon Emporium.
  9447 | Orc:2    | Found Ajausov's Assorted Antiques.
  9456 | Orc:2    | Reached skill level 10 in Shields
  9463 | Orc:2    | Identified the ring "Turr" {rPois rF+ Slay+4} (You acquired
                  | it on level 2 of the Orcish Mines)
  9536 | Orc:2    | Bought a glowing broad axe for 224 gold pieces
  9856 | Orc:2    | Found a staircase to the Elven Halls.
 10077 | Orc:2    | Bought a scroll labeled FUM ATIJIE for 33 gold pieces
 10150 | Lair:1   | Entered Level 1 of the Lair of Beasts
 10155 | Lair:1   | Reached skill level 13 in Invocations
 10201 | Lair:1   | Gained mutation: You resist negative energy. (rN+) [Deep
                  | Dwarf growth]
 10201 | Lair:1   | Reached XP level 14. HP: 141/141 MP: 12/12
 10295 | Lair:1   | Reached ****** piety under Makhleb
 10893 | Lair:2   | Found a staircase to the Shoals.
 10963 | Lair:2   | Noticed Zekyacus's ghost (journeyman TrBe)
 10968 | Lair:2   | You fall into a shaft and drop 1 floor!
 11806 | Lair:4   | Reached skill level 14 in Invocations
 12055 | Lair:4   | Found a hole to the Spider Nest.
 12811 | Lair:5   | Noticed Kirke
 12821 | Lair:5   | Reached XP level 15. HP: 146/151 MP: 14/14
 12825 | Lair:5   | Killed Kirke
 13192 | Lair:6   | Entered Level 6 of the Lair of Beasts
 13192 | Lair:6   | Noticed Urug
 13214 | Lair:6   | Killed Urug
 13352 | Lair:6   | Found a staircase to the Slime Pits.
 13352 | Lair:6   | Found a viscous altar of Jiyva.
 13506 | Spider:1 | Entered Level 1 of the Spider Nest
 13523 | Spider:1 | Reached skill level 15 in Invocations
 13762 | Spider:2 | Found a runed translucent door.
 14135 | Spider:4 | Entered Level 4 of the Spider Nest
 14193 | Spider:4 | Reached skill level 15 in Axes
 14205 | Spider:4 | Gained mutation: You have a pair of small horns on your
                  | head. [a cacodemon]
 14206 | Spider:4 | Gained mutation: You are clumsy. (Dex -2) [a cacodemon]
 14211 | Spider:4 | Reached XP level 16. HP: 158/160 MP: 15/15
 14302 | Spider:4 | Reached skill level 16 in Invocations
 14302 | Spider:4 | Reached skill level 15 in Fighting
 14342 | Spider:4 | Got a gossamer rune of Zot
 14561 | Shoals:1 | Entered Level 1 of the Shoals
 14564 | Shoals:1 | Found a transporter.
 14810 | Shoals:1 | Found a transporter.
 15116 | Shoals:2 | Found a frozen archway.
 15139 | IceCv    | Entered an ice cave
 15297 | Shoals:3 | Noticed a kraken
 15327 | Shoals:3 | Killed a kraken
 15331 | Shoals:4 | Entered Level 4 of the Shoals
 15368 | Shoals:4 | Noticed a kraken
 15380 | Shoals:4 | Killed a kraken
 15447 | Shoals:4 | Found a runed translucent door.
 15451 | Shoals:4 | Noticed Borgoz's ghost (adept GrFi)
 15519 | Shoals:4 | Identified the Guide on Self-Knowledge and Execration
 15574 | Shoals:4 | Reached skill level 17 in Invocations
 15577 | Shoals:4 | Reached XP level 17. HP: 170/170 MP: 15/15
 15611 | Shoals:4 | Noticed a kraken
 15620 | Shoals:4 | Killed a kraken
 15753 | Shoals:4 | Got a glittering golden ring
 15777 | Shoals:4 | Noticed Louise
 15784 | Shoals:4 | Killed Louise
 15817 | Shoals:4 | Got a barnacled rune of Zot
 15936 | Shoals:1 | Noticed Josephine
 15942 | Shoals:1 | Killed Josephine
 15943 | Shoals:1 | Identified the ring of the Castellan {*Tele rC+ Slay+5}
                  | (You found it on level 4 of the Shoals)
 16119 | Slime:1  | Entered Level 1 of the Pits of Slime
 16122 | Slime:1  | Gained mutation: Your body sometimes deteriorates upon
                  | taking damage. [a shining eye]
 16155 | Slime:3  | Noticed Dissolution
 16163 | Slime:3  | Killed Dissolution
 16191 | Slime:4  | Lost mutation: You are clumsy. (Dex -2) [a shining eye]
 16197 | Slime:4  | Gained mutation: You occasionally shout uncontrollably at
                  | your foes. [a shining eye]
 16215 | Slime:5  | Entered Level 5 of the Pits of Slime
 16219 | Slime:5  | Noticed an acid blob
 16220 | Slime:5  | Noticed an acid blob
 16228 | Slime:5  | Killed an acid blob
 16230 | Slime:5  | Paralysed by a floating eye for 4 turns
 16235 | Slime:5  | Noticed an acid blob
 16240 | Slime:5  | Killed an acid blob
 16249 | Slime:5  | Killed an acid blob
 16251 | Slime:5  | Noticed the Royal Jelly
 16257 | Slime:5  | Noticed an acid blob
 16290 | Slime:5  | Noticed an acid blob
 16292 | Slime:5  | Noticed an acid blob
 16293 | Slime:5  | Noticed an acid blob
 16294 | Slime:5  | Killed the Royal Jelly
 16294 | Slime:5  | Reached skill level 15 in Shields
 16294 | Slime:5  | Reached skill level 18 in Invocations
 16294 | Slime:5  | Noticed an acid blob
 16300 | Slime:4  | Killed an acid blob
 16315 | Slime:4  | Slain by a death ooze

Levels and vault maps discovered:
D:1:      elethiomel_arrival_shortcut, layout_basic
D:2:      layout_basic
D:3:      layout_loops_ring, first_ration, minmay_misc_feat_plants,
          uniq_grinder, uniq_natasha
D:4:      layout_basic, nicolae_ru_awakened_eye, minmay_manual_mares
D:5:      layout_basic
D:6:      layout_basic, minmay_temple_entry_fiery, gammafunk_ghost_smash,
          uniq_duvessa
D:7:      layout_rooms, basic_altar
D:8:      layout_loops_ring, lemuel_doored_altar, kennysheep_mini,
          enter_ossuary_4, special_room [special_room_kobold]
D:9:      layout_roguey, xom_confusion_cloud, lair_entry_dummy, orc_0_dummy,
          basic_altar, serial_shops, shop, serial_undead, serial_undead_e,
          serial_undead_f, serial_undead_b, serial_undead_a
D:10:     layout_irregular_city, serial_shops, shop, uniq_harold
D:11:     layout_loops_ring
D:12:     layout_cave_pools, hangedman_fish_farm, kennysheep_generic_room_12
D:13:     layout_basic, grunt_vaults_entry_fortified
D:14:     layout_gridville, serial_shops, shop, nrook_mini_vaults, uniq_rupert
Temple:   eino_narrow_crystal_temple
Lair:1:   kb_forest_paths, layout_long_grid, chequers_serial_rivers_micro_d,
          grunt_forest_large_clearing_hut
Lair:2:   layout_regular_city, minmay_shoals_entry_beasts,
          maelrawn_ghost_gauntlet_escape, serial_bayou_shore_a
Lair:3:   layout_regular_city, worms_lemuel
Lair:4:   layout_loops_ring, spider_nest_entry_web_field,
          grunt_forest_stairs_basic, roderic_carrion_pond
Lair:5:   lemuel_slime, layout_gridlike, beast_lair_carwin_11, uniq_kirke
Lair:6:   guppyfry_lair_end_dragon, layout_regular_city,
          hangedman_lair_tendril_chambers, slime_altar_1, basic_altar,
          uniq_snorg, uniq_urug
Shoals:1: gammafunk_its_a_trap, layout_shoals, gammafunk_ghost_cemetery,
          uniq_josephine
Shoals:2: layout_shoals, portal_ice_cave_entry_frozen_things,
          nicolae_shoals_drake_roost, uniq_nikola
Shoals:3: layout_shoals, lightli_airlock
Shoals:4: shoals_end_simple, layout_shoals, gammafunk_ghost_grave,
          nicolae_shoals_stone_sculpture_thing, uniq_louise
Spider:1: layout_spider_delve
Spider:2: cheibrodos_spider_deadly_dance
Spider:3: layout_chambers, drop_trap, nicolae_spider_cling_halls
Spider:4: grunt_spider_rune_circles, nicolae_spider_webs_and_nodes, minivault_29
Slime:1:  layout_caves
Slime:2:  layout_caves
Slime:3:  layout_caves, uniq_dissolution
Slime:4:  layout_caves
Slime:5
Orc:1:    layout_caves, serial_shops, shop, basic_altar,
          david_defended_altar_orc
Orc:2:    pubby_orc_utopia, serial_shops

Skill      XL: |  1  2  3  4  5  6  7  8  9 10 11 12 13 14 15 16 17 |
---------------+----------------------------------------------------+-----
Fighting       | 3 4 5 6 7 9 11 12 13 14 15 16 | 16.1
Dodging        | 1 2 3 4 5 6 7 8 9 |  9.0
Axes           | 3 4 5 7 8 9 10 12 13 14 15 16 | 16.8
Armour         | 4 5 6 7 8 9 10 11 12 | 12.9
Shields        | 4 5 6 7 8 9 10 11 12 14 15 | 15.0
Invocations    | 4 7 9 11 13 14 15 17 18 | 18.1

Action                   |  1- 3 |  4- 6 |  7- 9 | 10-12 | 13-15 | 16-18 || total
-------------------------+-------+-------+-------+-------+-------+-------++-------
Melee: War axe           |    58 |    91 |   418 |   925 |   350 |       ||  1842
       Kick              |       |       |       |   109 |   430 |   222 ||   761
       Bite              |       |       |       |    35 |   165 |    69 ||   269
       Broad axe         |       |       |       |       |   734 |   545 ||  1279
       Headbutt          |       |       |       |       |     1 |   143 ||   144
Throw: Throwing net      |       |       |       |       |       |     1 ||     1
Invok: Lesser Servant of |       |       |       |    10 |     3 |    12 ||    25
       Greater Servant o |       |       |       |       |     3 |     9 ||    12
 Abil: Heal Wounds       |     1 |     4 |    22 |    33 |     3 |    11 ||    74
  Use: Scroll            |       |     1 |    11 |     5 |    10 |    14 ||    41
       Potion            |       |       |       |     1 |     1 |     6 ||     8
 Stab: Distracted        |       |       |       |    12 |       |     7 ||    19
       Confused          |       |       |       |       |       |     3 ||     3
       Sleeping          |       |       |       |       |       |     1 ||     1
  Eat: Chunk             |       |       |    12 |    15 |    22 |     1 ||    50
       Ration            |       |       |     2 |     2 |       |     5 ||     9
Armor: Scale mail        |    15 |    39 |    72 |       |       |       ||   126
       Chain mail        |       |       |    93 |   557 |   391 |   273 ||  1314
Dodge: Dodged            |    22 |    37 |   110 |   485 |   393 |   193 ||  1240
Block: Kite shield       |    33 |    62 |   233 |   760 |   131 |       ||  1219
       Tower shield      |       |       |       |       |   908 |   692 ||  1600

Table legend:
 A = Non-vault XP
 B = Vault XP
 C = Vault XP percentage of total XP
 D = Non-vault monster count
 E = Vault monster count
 F = Vault count percentage of total count
                 A         B        C        D         E       F
            +---------+---------+-------+---------+---------+-------
      Total |  172599 |  112237 |  39.4 |     682 |     353 |  34.1
            +---------+---------+-------+---------+---------+-------
        D:2 |       2 |       0 |   0.0 |       1 |       0 |   0.0
        D:3 |     118 |      36 |  23.4 |      17 |       1 |   5.6
        D:4 |     370 |     230 |  38.3 |      12 |       2 |  14.3
        D:5 |     811 |       0 |   0.0 |      29 |       0 |   0.0
        D:6 |    1626 |     214 |  11.6 |      18 |       2 |  10.0
        D:7 |    1240 |       0 |   0.0 |      28 |       0 |   0.0
        D:8 |    2076 |    1093 |  34.5 |      32 |      18 |  36.0
        D:9 |     929 |     485 |  34.3 |      13 |       9 |  40.9
       D:10 |     659 |    1034 |  61.1 |      12 |       1 |   7.7
       D:11 |    4079 |       0 |   0.0 |      33 |       0 |   0.0
       D:12 |    3567 |     309 |   8.0 |      19 |       2 |   9.5
       D:13 |   10681 |       0 |   0.0 |      43 |       0 |   0.0
       D:14 |   12550 |    2572 |  17.0 |      34 |       1 |   2.9
     Lair:1 |    3220 |    2696 |  45.6 |      16 |      10 |  38.5
     Lair:2 |    4826 |     757 |  13.6 |      23 |       2 |   8.0
     Lair:3 |   10445 |     503 |   4.6 |      42 |       2 |   4.5
     Lair:4 |    9820 |     488 |   4.7 |      33 |       4 |  10.8
     Lair:5 |    8358 |    4408 |  34.5 |      29 |      26 |  47.3
     Lair:6 |    6507 |    4895 |  42.9 |      28 |      15 |  34.9
   Shoals:1 |   13340 |    2087 |  13.5 |      27 |       6 |  18.2
   Shoals:2 |    1361 |    3043 |  69.1 |       4 |      11 |  73.3
   Shoals:3 |    5461 |       0 |   0.0 |       8 |       0 |   0.0
   Shoals:4 |   17256 |   21043 |  54.9 |      33 |      38 |  53.5
   Spider:1 |    7617 |       0 |   0.0 |      23 |       0 |   0.0
   Spider:2 |   18670 |       0 |   0.0 |      50 |       0 |   0.0
   Spider:3 |    3087 |       0 |   0.0 |      11 |       0 |   0.0
   Spider:4 |    3816 |   17752 |  82.3 |      10 |      41 |  80.4
    Slime:1 |     509 |       0 |   0.0 |       1 |       0 |   0.0
    Slime:2 |    2388 |       0 |   0.0 |       8 |       0 |   0.0
    Slime:3 |    3701 |   10181 |  73.3 |      14 |       1 |   6.7
    Slime:4 |    5319 |       0 |   0.0 |      17 |       0 |   0.0
    Slime:5 |    7641 |   16974 |  69.0 |       8 |       4 |  33.3
      Orc:1 |     549 |     123 |  18.3 |       6 |       3 |  33.3
      Orc:2 |       0 |   18136 | 100.0 |       0 |     142 | 100.0
      IceCv |       0 |    3178 | 100.0 |       0 |      12 | 100.0
            +---------+---------+-------+---------+---------+-------
